AoeStats
← Simon Stokvis

Arena

508459494Analyzed
4v4 RM · 10d ago on Sep 22, 2026· 50m 50s· 8 players
Game mode
Random Map
Map size
Large (8 player)
Population
200
Speed
Normal
Resources
Standard
Victory
Conquest
Starting age
Dark Age
Ending age
Imperial Age
RankedLock teamsTeams togetherTeam positionsShared explorationLock speedFull tech treeHidden civsTurbo modeCheats
Victory
Defeat
🇬🇧 Lithuanians · United Kingdom
1691
+14
🇦🇷 Malians · Argentina
1594
+18
🇳🇱 Khmer · Netherlands
1548
+20
🇹🇼 Celts · Taiwan
1510
+21
🇨🇿 Huns · Czechia
1719
-22
🇨🇳 Georgians · China
1653
-19
🇨🇿 Ethiopians · Czechia
1590
-16
🇨🇳 Koreans · China
1583
-16
tim.13
10:28 Feudal Age
12:08 Double-Bit Axe
15:05 Castle Age
12:48 Horse Collar
15:55 Wheelbarrow
16:33 Bow Saw
25:07 Stone Mining
25:10 Gold Mining
29:18 Imperial Age
28:29 Stone Shaft Mining
27:48 Fletching
28:05 Svan Towers
27:52 Loom
28:41 Ballistics
28:12 Guard Tower
28:28 Bodkin Arrow
28:40 Scale Barding Armor
28:53 Heavy Plow
29:52 Hand Cart
29:23 Town Watch
29:52 Forging
30:10 Bloodlines
30:01 Husbandry
30:26 Bracer
32:16 Chemistry
30:52 Onager
33:02 Conscription
32:05 Elite Monaspa
33:29 Chain Barding Armor
35:04 Plate Barding Armor
35:04 Iron Casting
34:53 Conscription
34:33 Capped Ram
38:15 Blast Furnace
42:54 Arrowslits
44:34 Keep
45:00 Squires
44:21 Pikeman
44:47 Arson
45:42 Scale Mail Armor
48:21 Fortified Wall
49:09 Chain Mail Armor
romanwi
10:42 Feudal Age
12:29 Town Watch
12:44 Double-Bit Axe
15:02 Castle Age
12:52 Horse Collar
15:11 Loom
22:56 Crossbowman
23:43 Squires
24:01 Fletching
24:12 Padded Archer Armor
28:40 Wheelbarrow
29:17 Thumb Ring
33:10 Imperial Age
33:33 Arbalester
34:16 Bodkin Arrow
34:37 Leather Archer Armor
34:38 Gold Mining
35:13 Bracer
36:48 Ballistics
Dvnielsiii
11:14 Feudal Age
12:03 Double-Bit Axe
14:54 Castle Age
12:56 Horse Collar
15:35 Husbandry
15:54 Bow Saw
19:36 Loom
30:23 Wheelbarrow
30:03 Scale Barding Armor
31:32 Fletching
35:26 Forging
36:16 Bloodlines
35:40 Light Cavalry
chenst2020
13:04 Feudal Age
14:06 Double-Bit Axe
16:55 Castle Age
15:06 Gold Mining
15:52 Stone Mining
17:31 Loom
29:56 Bow Saw
30:24 Wheelbarrow
32:14 Fletching
37:02 Imperial Age
36:25 Gold Shaft Mining
JINJIN
10:43 Feudal Age
10:14 Loom
14:15 Castle Age
12:01 Double-Bit Axe
12:28 Gold Mining
15:08 Bow Saw
15:40 Wheelbarrow
19:16 Pikeman
28:06 Ballistics
41:06 Horse Collar
43:52 Hand Cart
46:25 Imperial Age
44:32 Gold Shaft Mining
43:58 Heavy Plow
47:19 Furor Celtica
46:31 Heavy Scorpion
46:32 Capped Ram
47:19 Siege Engineers
48:15 Chemistry
47:15 Siege Ram
49:40 Halberdier
SNWY4
9:58 Feudal Age
10:03 Feudal Age
12:18 Double-Bit Axe
14:48 Castle Age
12:49 Horse Collar
15:47 Bow Saw
16:16 Loom
23:58 Wheelbarrow
24:10 Bloodlines
24:53 Husbandry
25:43 Scale Barding Armor
29:46 Imperial Age
28:43 Chain Barding Armor
29:45 Forging
31:29 Chemistry
30:05 Cavalier
32:07 Plate Barding Armor
33:36 Iron Casting
34:31 Gold Mining
35:51 Town Watch
36:46 Heavy Plow
39:30 Conscription
39:31 Hand Cart
40:05 Crop Rotation
39:57 Paladin
50:47 Coinage
Asator
10:15 Feudal Age
12:15 Double-Bit Axe
14:40 Castle Age
12:38 Horse Collar
15:46 Bow Saw
15:46 Loom
18:43 Fervor
21:52 Wheelbarrow
22:15 Heavy Plow
23:52 Hand Cart
25:20 Fletching
25:46 Gold Mining
25:52 Stone Mining
29:52 Imperial Age
28:09 Scale Mail Armor
28:19 Forging
28:26 Masonry
29:33 Chain Mail Armor
29:19 Squires
29:12 Arson
31:38 Chemistry
31:28 Plate Mail Armor
31:33 Iron Casting
31:32 Architecture
32:35 Bodkin Arrow
34:08 Padded Archer Armor
34:54 Elite Gbeto
36:16 Sappers
37:07 Conscription
38:22 Ballistics
38:47 Heavy Camel Rider
39:48 Scale Barding Armor
40:22 Bloodlines
40:30 Husbandry
41:27 Chain Barding Armor
42:46 Plate Barding Armor
43:21 Light Cavalry
45:17 Gold Shaft Mining
50:42 Farimba
Simon Stokvis
10:53 Feudal Age
14:00 Castle Age
29:40 Town Watch
29:40 Loom
36:33 Imperial Age
36:10 Double-Bit Axe
37:16 Ballistics
37:07 Masonry
38:28 Chemistry
37:33 Fletching
38:30 Bodkin Arrow
42:55 Bow Saw
43:58 Siege Engineers
44:03 Masonry
43:18 Heavy Scorpion
44:43 Wheelbarrow
45:58 Double Crossbow
48:05 Elite Ballista Elephant
Connection lost

Rejoining the realm…

Still unreachable

The connection could not be restored.

Session expired

The server has moved on; the page needs a fresh start.